 Dungeon Sprint DCSS version 0.20-a0-839-gdaf5c57 (webtiles) character file.

74575701 Kidiri the Invulnerable (level 27, 179/179 HPs)
             Began as a Gargoyle Fighter on Mar 8, 2017.
             Was the Champion of the Shining One.
             Escaped with the Orb
             ... and 17 runes!
             The game lasted 01:44:51 (24669 turns).

Kidiri the Invulnerable (Gargoyle Fighter)         Turns: 24669, Time: 01:44:51

Health: 179/179    AC: 69    Str: 34    XL:     27
Magic:  54/54      EV: 25    Int: 21    God:    the Shining One [******]
Gold:   81         SH: 32    Dex: 17    Spells: 66/80 levels left

rFire    + + .     SeeInvis +   q - +9 morningstar (holy)
rCold    + . .     Gourm    .   I - +9 armour of the Dragon King {rPois rF+ rC+ MR+}
rNeg     + + +     Faith    .   o - +0 large shield {AC+3}
rPois    ∞         Spirit   .   D - +0 helmet
rElec    +         Reflect  +   N - +2 cloak
rCorr    .         Harm     .   u - +2 pair of gloves
MR       ++...     NoTele   +   Y - +1 pair of boots
Stlth    +.........             P - amulet "Naereapt" {Reflect rF+ MR- Int+5 SH+3 SInv}
Regen    0.8/turn               V - +6 ring of strength
MPRegen  0.4/turn               U - +6 ring of strength

@: glowing
A: big wings, thin metallic scales 1, agile 2, clever 2, deformed body,
deterioration 1, frail 1, negative energy resistance 1, regeneration 1,
electricity resistance, weak 2, unbreathing, evolution 1, petrification
resistance, rot immunity, subdued magic 1, AC +20
0: Orb of Zot
}: 17/15 runes: decaying, serpentine, barnacled, slimy, elven, silver, golden,
iron, obsidian, icy, bone, abyssal, glowing, magical, fiery, dark, gossamer
a: Fly, Divine Shield, Cleansing Flame, Summon Divine Warrior, Renounce Religion


You escaped.
You worshipped the Shining One.
The Shining One was exalted by your worship.
You were not hungry.

You visited 1 branch You collected 1943 gold pieces.
You spent 1862 gold pieces at shops.

Inventory:

Hand Weapons
 a - a +0 dagger
 m - the +2 scimitar of the Past {freeze, rElec rN++}
   (You found it in the Dungeon)

   It has been specially enchanted to freeze those struck by it, causing extra
   injury to most foes and up to half again as much damage against particularly
   susceptible opponents.
   It can also slow down cold-blooded creatures.
   It insulates you from electricity.
   It greatly protects you from negative energy.
 p - the +8 storm bow {elec}
   (You found it in the Dungeon)

   It charges the ammunition it shoots with electricity; occasionally upon a
   hit, such missiles may discharge and cause terrible harm.
 q - a +9 morningstar of holy wrath (weapon)
 w - the +5 triple sword "Vuotitu" {antimagic, rPois rC- Str+6 Int+2}
   (You found it in the Dungeon)

   It reduces the magical energy of the wielder, and disrupts the spells and
   magical abilities of those hit.
   Natural abilities and divine invocations are not affected.
   It affects your strength (+6).
   It affects your intelligence (+2).
   It makes you vulnerable to cold.
   It protects you from poison.
 y - a +0 hunting sling
 z - the +5 lajatang "Hycyakk" {vamp, rC+}
   (Okawaru gifted it to you in the Dungeon)

   It inflicts no extra harm, but heals its wielder when it wounds a living foe.
   It protects you from cold.
   The Shining One disapproves of the use of such an item.
 E - the +6 sword of Cerebov {flame}
   (You took it off Cerebov in the Dungeon)

   It has been specially enchanted to burn those struck by it, causing extra
   injury to most foes and up to half again as much damage against particularly
   susceptible opponents.
   Big, fiery blades are also staple armaments of hydra-hunters.
   The Shining One disapproves of the use of such an item.
 F - the +7 eveningstar "Wuink" {venom, +Rage rElec}
   (Okawaru gifted it to you in the Dungeon)

   It poisons the flesh of those it strikes.
   It insulates you from electricity.
   It lets you go berserk.
 K - the +5 executioner's axe of Dawn {freeze, -Tele rElec rPois rF- Str+6}
   (You found it in the Dungeon)

   It has been specially enchanted to freeze those struck by it, causing extra
   injury to most foes and up to half again as much damage against particularly
   susceptible opponents.
   It can also slow down cold-blooded creatures.
   It affects your strength (+6).
   It makes you vulnerable to fire.
   It insulates you from electricity.
   It protects you from poison.
   It prevents most forms of teleportation.
 L - the +5 executioner's axe of Ointment {drain, Str+3 Int+4}
   (You found it in the Dungeon)

   A truly terrible weapon, it drains the life of those it strikes.
   It affects your strength (+3).
   It affects your intelligence (+4).
   The Shining One disapproves of the use of such an item.
 M - the +0 triple crossbow "Dekaon" {freeze, rF+}
   (You found it in the Dungeon)

   It causes projectiles fired from it to freeze those they strike, causing
   extra injury to most foes and up to half again as much damage against
   particularly susceptible opponents.
   They can also slow down cold-blooded creatures.
   It protects you from fire.
 O - the +5 battleaxe "Yvebiag" {flame, rC+ Int+2 Dex+4}
   (You found it in the Dungeon)

   It has been specially enchanted to burn those struck by it, causing extra
   injury to most foes and up to half again as much damage against particularly
   susceptible opponents.
   Big, fiery blades are also staple armaments of hydra-hunters.
   It affects your intelligence (+2).
   It affects your dexterity (+4).
   It protects you from cold.
 Q - the +4 staff of Dispater
   (You took it off Dispater in the Dungeon)

   The Shining One disapproves of the use of such an item.
 T - the +5 demon trident of Terra Nullius {pain, *Rage +Fly MR+ Dex+4}
   (You found it in the Dungeon)

   In the hands of one skilled in necromantic magic, it inflicts extra damage on
   living creatures.
   It affects your dexterity (+4).
   It affects your resistance to hostile enchantments.
   It lets you fly.
   It may make you go berserk in combat.
   The Shining One disapproves of the use of such an item.
 X - the +7 sceptre of Asmodeus
   (You took it off Asmodeus in the Dungeon)

   The Shining One disapproves of the use of such an item.
 Z - the +7 mace of Eternal Vigilance {drain, *Noise rF+ rC+}
   (Okawaru gifted it to you in the Dungeon)

   A truly terrible weapon, it drains the life of those it strikes.
   It protects you from fire.
   It protects you from cold.
   It may make noises in combat.
   The Shining One disapproves of the use of such an item.
Armour
 o - a +0 large shield of protection (worn)
 s - the +0 hat of Ciclaumo {rC+}
   (Okawaru gifted it to you in the Dungeon)

   It protects you from cold.
 u - a +2 pair of gloves (worn)
 x - the +1 swamp dragon scales of the Volcano {rElec rPois Int+3}
   (Okawaru gifted it to you in the Dungeon)

   It affects your intelligence (+3).
   It insulates you from electricity.
   It protects you from poison.
 D - a +0 helmet (worn)
 I - the +9 armour of the Dragon King (worn) {rPois rF+ rC+ MR+}
   (You found it in the Dungeon)

   It protects you from fire.
   It protects you from cold.
   It protects you from poison.
   It affects your resistance to hostile enchantments.
 N - a +2 cloak (worn)
 R - the scarf "Weits" {rC+ Dex+2}
   (Okawaru gifted it to you in the Dungeon)

   It affects your dexterity (+2).
   It protects you from cold.
 Y - a +1 pair of boots (worn)
Jewellery
 r - the ring "Hitoaghe" {Ice -Tele Str-4 Int+8}
   (You found it in the Dungeon)

   [ring of ice]

   It enhances your ice magic.
   It affects your strength (-4).
   It affects your intelligence (+8).
   It makes you vulnerable to fire.
   It protects you from cold.
   It prevents most forms of teleportation.
 t - the ring of Sugrosk {Ice Int+2 Dex+2}
   (You found it in the Dungeon)

   [ring of ice]

   It enhances your ice magic.
   It affects your intelligence (+2).
   It affects your dexterity (+2).
   It makes you vulnerable to fire.
   It protects you from cold.
 P - the amulet "Naereapt" (around neck) {Reflect rF+ MR- Int+5 SH+3 SInv}
   (You found it in the Dungeon)

   [amulet of reflection]

   It shields you and reflects attacks.
   It affects your intelligence (+5).
   It protects you from fire.
   It affects your resistance to hostile enchantments.
   It lets you see invisible.
   It affects your SH (+3).
 U - a +6 ring of strength (left hand)
 V - a +6 ring of strength (right hand)
 W - the ring "Zaheohil" {rF+ rN+ Str+4 Int+3 Dex-3}
   (You found it in the Dungeon)

   [ring of intelligence]

   It affects your strength (+4).
   It affects your intelligence (+3).
   It affects your dexterity (-3).
   It protects you from fire.
   It protects you from negative energy.
Scrolls
 k - 6 scrolls of blinking
 n - 7 scrolls of remove curse
 v - 2 scrolls of fog
 S - 2 scrolls of fear
Potions
 b - 3 potions of resistance
 c - a potion of ambrosia
 d - 2 potions of might
 e - 5 potions of curing
 g - 14 potions of heal wounds
 h - 8 potions of haste
 i - 4 potions of magic
 j - 4 potions of berserk rage
 l - 2 potions of brilliance
 G - a potion of agility
 J - 2 potions of cancellation
Books
 H - Sif Muna's Incunabulum of Damaging Flight
   (You found it in the Dungeon)

   Spells                             Type                      Level
   a - Magic Dart                     Conjuration                  1
   b - Throw Frost                    Conjuration/Ice              2
   c - Airstrike                      Air                          4
   d - Spellforged Servitor           Conjuration/Summoning        7
Miscellaneous
 A - the horn of Geryon
Comestibles
 f - 13 bread rations
 C - 7 meat rations


   Skills:
 O Level 27 Fighting
 * Level 15.5(20.2) Short Blades
 + Level 21.5(23.0) Long Blades
 + Level 21.5(27) Axes
 O Level 27 Maces & Flails
 + Level 21.6(27) Polearms
 + Level 23.1(27) Staves
 * Level 14.0(22.1) Slings
 + Level 23.0 Bows
 + Level 23.2 Crossbows
 O Level 27 Throwing
 O Level 27 Armour
 O Level 27 Dodging
 O Level 27 Stealth
 O Level 27 Shields
 + Level 25.8 Unarmed Combat
 O Level 27 Spellcasting
 + Level 24.8 Conjurations
 + Level 20.7 Summonings
 + Level 23.2 Ice Magic
 + Level 20.1 Air Magic
 O Level 27 Invocations
 O Level 27 Evocations


You had 66 spell levels left.
You knew the following spells:

 Your Spells              Type           Power        Failure   Level  Hunger
a - Magic Dart            Conj           ####         0%          1    None
b - Throw Frost           Conj/Ice       ######       0%          2    None
c - Airstrike             Air            ######....   0%          4    None
d - Spellforged Servitor  Conj/Summ      #######...   1%          7    ####...


Dungeon Overview and Level Annotations

Branches:
Dungeon (1/1)

Altars:
Cheibriados
Dithmenos
Elyvilon
Fedhas
Gozag
Hepliaklqana
Kikubaaqudgha
Makhleb
Nemelex Xobeh
Okawaru
Qazlal
Ru
Sif Muna
Trog
Uskayaw
Vehumet
Wu Jian
Xom
Yredelemnul
Zin
The Shining One
Beogh
Jiyva
Lugonu

Shops:
D =%![


Innate Abilities, Weirdness & Mutations

You are resistant to torment.
Your stone body is resilient. (AC +20)
You are immune to poison.
Your large and strong wings let you fly indefinitely.
You resist negative energy. (rN+)
You are resistant to electric shocks. (rElec)
You can survive without breathing.
You are immune to petrification.
You are immune to rotting.
You are partially covered in thin metallic scales. (AC +2)
You are very agile. (Dex +4)
Your mind is very acute. (Int +4)
Armour fits poorly on your strangely shaped body.
Your body sometimes deteriorates upon taking damage.
You are frail. (-10% HP)
Your natural rate of healing is unusually fast.
You are very weak. (Str -4)
You evolve.
Your spells are a little easier to cast, but a little less powerful.


Message History

You see here a club.
B - a club
Things that are here:
a chunk of flesh; a stone Evoke which item? (* to show all) (? for menu, Esc to quit)
Okay, then.
Unknown command.
You close the door.
Drop what? 52/52 slots (_ for help) (? for menu, Esc to quit)
You drop a club.
Unknown command.
You already know all available spells.
There is a staircase leading out of the dungeon here.
You start resting.
HP restored.
You start waiting.
You start waiting.
You start waiting.
You start waiting.
You have escaped!

)))+)............▓
▓▓▓▓▓▓▓▓▓▓▓▓▓▓▓▓.▓
.........).).....▓
▓▓▓▓▓▓▓▓▓▓▓▓▓▓▓▓▓▓
.[}......+.......▓
▓▓▓▓▓▓▓▓▓▓▓▓▓▓▓▓.▓
.................▓
▓▓▓▓▓▓▓▓▓▓▓▓▓▓▓▓▓▓
+.....+....)+)..@▓
▓▓▓▓▓▓▓▓▓▓▓▓▓▓▓▓▓▓


There were no monsters in sight!

Vanquished Creatures
  Cerebov (D)
  Asmodeus (D)
  Antaeus (D)
  the Royal Jelly (D)
  Gloorx Vloq (D)
  Mnoleg (D)
  Ereshkigal (D)
  2 seraphim (D)
  Dispater (D)
  4 orbs of fire (D)
  Mennas (D)
  5 ancient liches (D)
  Mara (D)
  4 greater mummies (D)
  30 pandemonium lords (D)
  Sojobo (D)
  Boris (D)
  A Killer Klown (D)
  Frederick (D)
  2 curse toes (D)
  Xtahua (D)
  Geryon (D)
  A profane servitor (D)
  2 golden dragons (D)
  4 electric golems (D)
  3 Tzitzimimeh (D)
  5 Brimstone Fiends (D)
  5 tentacled monstrosities (D)
  3 Ice Fiends (D)
  3 hellephants (D)
  95 Orb Guardians (D)
  8 Hell Sentinels (D)
  2 deep elf master archers (D)
  7 deep elf blademasters (D)
  11 liches (D)
  10 titans (D)
  A quicksilver dragon (D)
  13 acid blobs (D)
  12 sphinxes (D)
  6 Executioners (D)
  2 death cobs (D)
  9 shadow dragons (D)
  3 storm dragons (D)
  Donald (D)
  2 tengu reavers (D)
  Ilsuiw (D)
  5 azure jellies (D)
  8 nagarajas (D)
  3 draconian knights (D)
  2 daevas (D)
  2 draconian monks (D)
  A ghost moth (D)
  2 deep elf sorcerers (D)
  A draconian scorcher (D)
  5 fire giants (D)
  7 frost giants (D)
  5 cacodemons (D)
  2 draconian stormcallers (D)
  13 balrugs (D)
  6 emperor scorpions (D)
  Louise (D)
  A vault warden (D)
  2 angels (D)
  A draconian shifter (D)
  4 warmongers (D)
  5 reapers (D)
  2 very ugly things (D)
  9 stone giants (D)
  2 entropy weavers (D)
  6 vampire knights (D)
  6 blood saints (D)
  3 green draconians (D)
  3 corrupters (D)
  8 black draconians (D)
  2 black suns (D)
  2 deep elf annihilators (D)
  3 deep elf demonologists (D)
  2 purple draconians (D)
  16 large abominations (D)
  4 lorocyprocas (D)
  4 white draconians (D)
  Azrael (D)
  2 red draconians (D)
  2 yellow draconians (D)
  4 ettins (D)
  4 blizzard demons (D)
  7 death oozes (D)
  2 mummy priests (D)
  2 merfolk impalers (D)
  7 green deaths (D)
  4 merfolk javelineers (D)
  2 deep elf death magi (D)
  3 yaktaur captains (D)
  2 fire dragons (D)
  6 hydras (D)
  25 vault guards (D)
  5 hell beasts (D)
  A deep elf high priest (D)
  7 great orbs of eyes (D)
  Harold (D)
  3 rakshasas (D)
  7 ice dragons (D)
  2 naga warriors (D)
  4 centaur warriors (D)
  A ghost crab (D)
  6 monstrous demonspawn (D)
  A merfolk avatar (D)
  Erica (D)
  3 merfolk aquamancers (D)
  3 ogre magi (D)
  A vampire mage (D)
  2 deep troll shamans (D)
  A deep troll earth mage (D)
  4 hell hogs (D)
  A naga sharpshooter (D)
  A spriggan berserker (D)
  A thrashing horror (D)
  Nergalle (D)
  2 orc high priests (D)
  2 shock serpents (D)
  6 soul eaters (D)
  3 deep elf knights (D)
  5 small abominations (D)
  33 sun demons (D)
  2 cherubim (D)
  A hell knight (D)
  3 infernal demonspawn (D)
  20 sixfirhies (D)
  7 gelid demonspawn (D)
  3 glowing orange brains (D)
  A flayed ghost (D)
  6 shadow demons (D)
  6 torturous demonspawn (D)
  An unseen horror (D)
  8 deep elf archers (D)
  A shambling mangrove (D)
  A phantasmal warrior (D)
  8 swamp dragons (D)
  4 lindwurms (D)
  A necromancer (D)
  A sea snake (D)
  An ironbrand convoker (D)
  A mana viper (D)
  7 orc knights (D)
  2 orc sorcerers (D)
  3 cyclopes (D)
  2 manticores (D)
  2 cyclopes (shapeshifter) (D)
  10 deep elf magi (D)
  3 wolf spiders (D)
  10 moths of wrath (D)
  A black mamba (D)
  Joseph (D)
  3 guardian serpents (D)
  Maurice (D)
  A merfolk siren (D)
  27 rust devils (D)
  A toenail golem (D)
  29 orange demons (D)
  2 naga magi (D)
  3 vault sentinels (D)
  2 gargoyles (D)
  An eye of devastation (shapeshifter) (D)
  A spiny frog (D)
  7 hellions (D)
  30 smoke demons (D)
  A komodo dragon (D)
  5 yaktaurs (D)
  5 demonic crawlers (D)
  4 tormentors (D)
  14 ice devils (D)
  4 freezing wraiths (D)
  54 hellwings (D)
  22 guardian mummies (D)
  29 red devils (D)
  A wandering mushroom (D)
  A troll (D)
  3 merfolk (D)
  3 tyrant leeches (D)
  A raiju (D)
  A polar bear (D)
  A wind drake (D)
  5 jumping spiders (D)
  2 bog bodies (D)
  A blink frog (D)
  2 hippogriffs (D)
  3 redbacks (D)
  A water elemental (D)
  11 spriggans (D)
  A tarantella (D)
  A wraith (D)
  13 ynoxinuls (D)
  A wyvern (D)
  4 yaks (D)
  A vampire mosquito (D)
  6 golden eyes (D)
  3 fire elementals (D)
  21 chaos spawn (D)
  13 neqoxecs (D)
  2 nagas (D)
  An acid dragon (D)
  2 water moccasins (D)
  3 floating eyes (D)
  3 hell hounds (D)
  3 swamp drakes (D)
  4 eyes of draining (D)
  An ice beast (D)
  9 orc warriors (D)
  A wolf (D)
  2 boggarts (D)
  3 crocodiles (D)
  7 bullfrogs (D)
  A scorpion (D)
  9 quasits (D)
  A jelly (D)
  7 crimson imps (D)
  An orc priest (D)
  5 orc wizards (D)
  7 iron imps (D)
  A worker ant (D)
  7 shadow imps (D)
  6 white imps (D)
  5 ufetubi (D)
  An adder skeleton (D)
  2 worms (D)
  11 ball lightnings (D)
  16 orcs (D)
  A bat (D)
  A bat skeleton (D)
  A giant cockroach (D)
  A goblin (D)
  3 hobgoblins (D)
  2 kobolds (D)
  A ball python (D)
  A frilled lizard (D)
  A giant cockroach zombie (D)
  2 fire vortices (D)
1199 creatures vanquished.

Vanquished Creatures (collateral kills)
  Lom Lobon (D)
  An ice devil (D)
  A red devil (D)
  A ynoxinul (D)
4 creatures vanquished.

Vanquished Creatures (others)
  4 deep elf master archers (D)
  Nessos (D)
  A merfolk javelineer (D)
  A deep elf archer (D)
  A large abomination (D)
  A hornet (D)
  A small abomination (D)
  A shadow imp (D)
  3 ball lightnings (D)
  A block of ice (D)
15 creatures vanquished.

Grand Total: 1218 creatures vanquished

Notes
Turn   | Place    | Note
-------+----------+-------------------------------------------
     0 | D        | Kidiri the Gargoyle Fighter began the quest for the Orb.
     0 | D        | Reached XP level 1. HP: 14/14 MP: 1/1
    16 | D        | Reached skill level 1 in Dodging
    16 | D        | Reached XP level 2. HP: 20/20 MP: 2/2
    27 | D        | Noticed a scorpion
    27 | D        | Noticed a crimson imp
    38 | D        | Killed a scorpion
    38 | D        | Reached skill level 5 in Fighting
    38 | D        | Reached skill level 5 in Armour
    38 | D        | Reached skill level 5 in Shields
    38 | D        | Reached XP level 3. HP: 23/26 MP: 3/3
    38 | D        | Reached XP level 4. HP: 27/31 MP: 4/4
    70 | D        | Found a roughly hewn altar of Beogh.
    70 | D        | Found a snail-covered altar of Cheibriados.
    70 | D        | Found a shadowy altar of Dithmenos.
    70 | D        | Found a white marble altar of Elyvilon.
    70 | D        | Found a blossoming altar of Fedhas.
    70 | D        | Found an opulent altar of Gozag.
    71 | D        | Found a hazy altar of Hepliaklqana.
    72 | D        | Found a viscous altar of Jiyva.
    73 | D        | Found an ancient bone altar of Kikubaaqudgha.
    74 | D        | Found a corrupted altar of Lugonu.
    75 | D        | Found a burning altar of Makhleb.
    76 | D        | Found a sparkling altar of Nemelex Xobeh.
    77 | D        | Found an iron altar of Okawaru.
    78 | D        | Found a stormy altar of Qazlal.
    79 | D        | Found a sacrificial altar of Ru.
    80 | D        | Found a deep blue altar of Sif Muna.
    81 | D        | Found a bloodstained altar of Trog.
    82 | D        | Found a hide-covered altar of Uskayaw.
    83 | D        | Found a radiant altar of Vehumet.
    84 | D        | Found an ornate altar of the Wu Jian Council.
    85 | D        | Became a worshipper of Warmaster Okawaru
    86 | D        | Found a shimmering altar of Xom.
    87 | D        | Found a basalt altar of Yredelemnul.
    88 | D        | Found a glowing silver altar of Zin.
    89 | D        | Found a glowing golden altar of the Shining One.
   162 | D        | Noticed an eye of draining
   162 | D        | Noticed a crocodile
   172 | D        | Killed a crocodile
   172 | D        | Reached XP level 5. HP: 29/37 MP: 1/5
   197 | D        | Killed an eye of draining
   197 | D        | Reached * piety under Okawaru
   197 | D        | Reached XP level 6. HP: 36/44 MP: 1/6
   255 | D        | Noticed a yak
   255 | D        | Noticed a wraith
   255 | D        | Noticed a wyvern
   255 | D        | Noticed an ice beast
   268 | D        | Killed an unseen horror
   268 | D        | Reached ** piety under Okawaru
   268 | D        | Reached XP level 7. HP: 28/52 MP: 5/7
   270 | D        | Reached *** piety under Okawaru
   270 | D        | Reached skill level 10 in Fighting
   270 | D        | Reached skill level 10 in Armour
   270 | D        | Reached skill level 10 in Shields
   270 | D        | Reached XP level 8. HP: 31/57 MP: 5/8
   274 | D        | Killed a wyvern
   278 | D        | Reached skill level 5 in Dodging
   286 | D        | Killed a wraith
   291 | D        | Killed a yak
   653 | D        | Noticed a komodo dragon
   653 | D        | Noticed an eight-headed hydra
   653 | D        | Noticed a yak
   653 | D        | Noticed a yak
   656 | D        | Killed a yak
   659 | D        | Noticed a blink frog
   664 | D        | Noticed a yak
   664 | D        | Killed an eight-headed hydra
   664 | D        | Reached **** piety under Okawaru
   664 | D        | Reached XP level 9. HP: 53/65 MP: 7/9
   687 | D        | Killed a komodo dragon
   725 | D        | Reached ***** piety under Okawaru
   911 | D        | Noticed a polar bear
   918 | D        | Killed a polar bear
   918 | D        | Reached XP level 10. HP: 72/72 MP: 2/10
   920 | D        | Noticed a four-headed hydra
   921 | D        | Received a gift from Okawaru
   921 | D        | Reached skill level 1 in Invocations
   954 | D        | Killed a four-headed hydra
   954 | D        | Received a gift from Okawaru
   954 | D        | Reached skill level 1 in Throwing
   955 | D        | Got a pitted lajatang {god gift}
  1056 | D        | Noticed a lindwurm
  1056 | D        | Noticed a lindwurm
  1056 | D        | Noticed a lindwurm
  1069 | D        | Noticed a lindwurm
  1074 | D        | Killed a lindwurm
  1084 | D        | Killed a lindwurm
  1091 | D        | Killed a lindwurm
  1119 | D        | Reached XP level 11. HP: 46/80 MP: 8/14
  1125 | D        | Killed a lindwurm
  1323 | D        | Noticed Erica
  1339 | D        | Killed Erica
  1339 | D        | Reached skill level 5 in Invocations
  1429 | D        | Noticed an orc sorcerer
  1451 | D        | Paralysed by an orc sorcerer for 4 turns
  1457 | D        | Killed an orc sorcerer
  1648 | D        | Noticed an orc knight
  1654 | D        | Killed an orc knight
  1664 | D        | Noticed an orc knight
  1673 | D        | Noticed an orc knight
  1687 | D        | Killed an orc knight
  1703 | D        | Killed an orc knight
  1703 | D        | Received a gift from Okawaru
  1703 | D        | Reached skill level 10 in Maces & Flails
  1716 | D        | Reached skill level 5 in Throwing
  1896 | D        | Found Keeth's Antique Armour Boutique.
  1896 | D        | Noticed an orc high priest
  1896 | D        | Noticed an orc sorcerer
  1897 | D        | Noticed an orc high priest
  1899 | D        | Killed an orc high priest
  1899 | D        | Received a gift from Okawaru
  1899 | D        | Reached skill level 15 in Fighting
  1899 | D        | Reached skill level 15 in Armour
  1899 | D        | Reached skill level 15 in Shields
  1904 | D        | Killed an orc sorcerer
  1906 | D        | Found Niunlehe's Distillery.
  1909 | D        | Gained mutation: Your body sometimes deteriorates upon taking damage. [a neqoxec]
  1913 | D        | Found Nausm's Food Boutique.
  1914 | D        | Killed an orc high priest
  1917 | D        | Found Qitauff's Jewellery Shop.
  1920 | D        | Noticed an orc knight
  1921 | D        | Noticed an orc knight
  1929 | D        | Killed an orc knight
  1940 | D        | Killed an orc knight
  1995 | D        | Bought a potion of mutation for 112 gold pieces
  1995 | D        | Bought a potion of mutation for 112 gold pieces
  1995 | D        | Bought a potion of agility for 56 gold pieces
  1995 | D        | Bought a potion of curing for 42 gold pieces
  1995 | D        | Bought 2 potions of curing for 84 gold pieces
  1995 | D        | Bought a potion of heal wounds for 70 gold pieces
  1999 | D        | Bought an uncursed ring of resist corrosion for 280 gold pieces
  1999 | D        | Bought an uncursed amulet of the gourmand for 420 gold pieces
  1999 | D        | Bought a +4 ring of strength for 378 gold pieces
  2150 | D        | Noticed Joseph
  2167 | D        | Killed Joseph
  2167 | D        | Reached XP level 12. HP: 88/88 MP: 10/17
  2172 | D        | Lost mutation: Your body sometimes deteriorates upon taking damage. [potion of mutation]
  2172 | D        | Gained mutation: You are robust. (+10% HP) [potion of mutation]
  2172 | D        | Gained mutation: Scrolls take you a little longer to read. [potion of mutation]
  2172 | D        | Gained mutation: Your spells are a little harder to cast, but a little more powerful. [potion of mutation]
  2173 | D        | Lost mutation: Scrolls take you a little longer to read. [potion of mutation]
  2173 | D        | Lost mutation: Your spells are a little harder to cast, but a little more powerful. [potion of mutation]
  2173 | D        | Lost mutation: You are robust. (+10% HP) [potion of mutation]
  2173 | D        | Gained mutation: You evolve. [potion of mutation]
  2173 | D        | Gained mutation: Your natural rate of healing is unusually fast. [potion of mutation]
  2218 | D        | Noticed Harold
  2230 | D        | Killed Harold
  2230 | D        | Received a gift from Okawaru
  2452 | D        | Noticed a lich
  2481 | D        | Noticed a stone giant
  2482 | D        | Killed a lich
  2482 | D        | Received a gift from Okawaru
  2484 | D        | Noticed a fire giant
  2505 | D        | Killed a stone giant
  2505 | D        | HP: 2/88 [fire giant/bolt of fire (43)]
  2513 | D        | Killed a fire giant
  2513 | D        | Received a gift from Okawaru
  2544 | D        | Noticed a red very ugly thing
  2554 | D        | Killed a red very ugly thing
  2632 | D        | Noticed Maurice
  2642 | D        | Killed Maurice
  2662 | D        | Noticed Donald
  2681 | D        | Killed Donald
  2681 | D        | Received a gift from Okawaru
  2768 | D        | Noticed a ghost crab
  2772 | D        | Killed a ghost crab
  2772 | D        | Received a gift from Okawaru
  2772 | D        | Reached XP level 13. HP: 90/95 MP: 11/19
  2783 | D        | Reached skill level 1 in Evocations
  2846 | D        | Noticed an entropy weaver
  2872 | D        | Killed an entropy weaver
  2872 | D        | Reached skill level 10 in Dodging
  2896 | D        | Received a gift from Okawaru
  2948 | D        | Received a gift from Okawaru
  3161 | D        | Reached skill level 10 in Invocations
  3167 | D        | Gained mutation: You are agile. (Dex +2) [mutagenic meat]
  3168 | D        | Gained mutation: You are frail. (-10% HP) [mutagenic meat]
  3169 | D        | Gained mutation: You are partially covered in large bone plates. (SH +4) [mutagenic meat]
  3229 | D        | Noticed Nergalle
  3247 | D        | Killed Nergalle
  3320 | D        | Noticed a stone giant
  3321 | D        | Noticed a lich
  3327 | D        | Noticed a frost giant
  3334 | D        | Killed a stone giant
  3346 | D        | Killed a lich
  3346 | D        | Received a gift from Okawaru
  3346 | D        | Gained mutation: Your large and strong wings let you fly indefinitely. [Gargoyle growth]
  3346 | D        | Reached XP level 14. HP: 84/93 MP: 15/21
  3368 | D        | Reached skill level 5 in Evocations
  3381 | D        | Killed a frost giant
  3383 | D        | Noticed a frost giant
  3436 | D        | Killed a frost giant
  3595 | D        | Received a gift from Okawaru
  3629 | D        | Received a gift from Okawaru
  3644 | D        | Reached skill level 10 in Throwing
  3647 | D        | Noticed a fire giant
  3694 | D        | Reached ****** piety under Okawaru
  3699 | D        | Killed a fire giant
  3699 | D        | Received a gift from Okawaru
  3715 | D        | Received a gift from Okawaru
  3740 | D        | Gained mutation: Your spells are a little easier to cast, but a little less powerful. [mutagenic meat]
  3913 | D        | Noticed Boris
  3944 | D        | Killed Boris
  3944 | D        | Reached XP level 15. HP: 85/100 MP: 17/24
  3960 | D        | Noticed Mennas
  4036 | D        | Killed Mennas
  4051 | D        | Noticed Louise
  4068 | D        | Killed Louise
  4388 | D        | Noticed an emperor scorpion
  4388 | D        | Noticed an emperor scorpion
  4388 | D        | Noticed an emperor scorpion
  4416 | D        | Killed an emperor scorpion
  4422 | D        | Noticed an emperor scorpion
  4431 | D        | Killed an emperor scorpion
  4431 | D        | Received a gift from Okawaru
  4443 | D        | Killed an emperor scorpion
  4447 | D        | Killed a ghost moth
  4449 | D        | Noticed an emperor scorpion
  4455 | D        | Noticed an emperor scorpion
  4458 | D        | Killed an emperor scorpion
  4488 | D        | Killed an emperor scorpion
  4488 | D        | Received a gift from Okawaru
  4496 | D        | Killed an emperor scorpion
  4512 | D        | Got a gossamer rune of Zot
  4536 | D        | Gained mutation: Your mind is acute. (Int +2) [mutagenic meat]
  4537 | D        | Lost mutation: You are partially covered in large bone plates. (SH +4) [mutagenic meat]
  4616 | D        | Noticed a nagaraja
  4616 | D        | Noticed a nagaraja
  4616 | D        | Noticed a nagaraja
  4616 | D        | Noticed a nagaraja
  4626 | D        | Received a gift from Okawaru
  4627 | D        | Got shimmering swamp dragon scales {god gift}
  4630 | D        | Noticed a nagaraja
  4632 | D        | Killed a nagaraja
  4633 | D        | Noticed a nagaraja
  4640 | D        | Killed a nagaraja
  4641 | D        | Noticed a nagaraja
  4644 | D        | Killed a nagaraja
  4650 | D        | Killed a nagaraja
  4651 | D        | Noticed a nagaraja
  4662 | D        | Killed a nagaraja
  4668 | D        | Killed a nagaraja
  4680 | D        | Killed a nagaraja
  4698 | D        | Killed a nagaraja
  4698 | D        | Reached XP level 16. HP: 77/108 MP: 24/26
  4702 | D        | Got a serpentine rune of Zot
  4718 | D        | Gained mutation: You are very agile. (Dex +4) [mutagenic meat]
  4774 | D        | Received a gift from Okawaru
  4803 | D        | Reached skill level 15 in Dodging
  4814 | D        | Reached skill level 15 in Maces & Flails
  4821 | D        | Got a decaying rune of Zot
  4845 | D        | Identified the +1 swamp dragon scales of the Volcano {rElec rPois Int+3} (Okawaru gifted it to you in the Dungeon)
  4870 | D        | Noticed Ilsuiw
  4874 | D        | Reached skill level 10 in Evocations
  4879 | D        | Received a gift from Okawaru
  4893 | D        | Killed Ilsuiw
  4917 | D        | Received a gift from Okawaru
  4966 | D        | Got a barnacled rune of Zot
  5065 | D        | Noticed Xtahua
  5079 | D        | Killed Xtahua
  5079 | D        | Received a gift from Okawaru
  5132 | D        | Received a gift from Okawaru
  5148 | D        | Reached skill level 15 in Invocations
  5230 | D        | Reached XP level 17. HP: 117/117 MP: 28/28
  5309 | D        | Noticed a golden dragon
  5318 | D        | Killed a golden dragon
  5318 | D        | Received a gift from Okawaru
  5358 | D        | Received a gift from Okawaru
  5584 | D        | Identified Sif Muna's Incunabulum of Damaging Flight
  5588 | D        | Got a silver rune of Zot
  5646 | D        | Noticed Nessos
  5650 | D        | Killed Nessos
  5665 | D        | Noticed Azrael
  5668 | D        | Killed Azrael
  5684 | D        | Noticed Mara
  5701 | D        | Killed Mara
  5857 | D        | Got the amulet "Naereapt" {Reflect rF+ MR- Int+5 SH+3 SInv}
  5859 | D        | Got the ring "Zaheohil" {rF+ rN+ Str+4 Int+3 Dex-3}
  5861 | D        | Got the ring "Hitoaghe" {Ice -Tele Str-4 Int+8}
  5863 | D        | Got the ring of Sugrosk {Ice Int+2 Dex+2}
  5975 | D        | Gained mutation: Your mind is very acute. (Int +4) [evolution]
  6279 | D        | Noticed Sojobo
  6302 | D        | Killed Sojobo
  6304 | D        | Received a gift from Okawaru
  6349 | D        | Noticed Frederick
  6364 | D        | Killed Frederick
  6364 | D        | Received a gift from Okawaru
  6394 | D        | Received a gift from Okawaru
  6396 | D        | Reached XP level 18. HP: 126/126 MP: 23/30
  6400 | D        | Received a gift from Okawaru
  6405 | D        | Reached skill level 15 in Throwing
  6560 | D        | Noticed a tentacled monstrosity
  6560 | D        | Noticed a tentacled monstrosity
  6564 | D        | Killed a tentacled monstrosity
  6565 | D        | Killed a tentacled monstrosity
  6596 | D        | Noticed a tentacled monstrosity
  6603 | D        | Killed a tentacled monstrosity
  6604 | D        | Noticed a golden dragon
  6612 | D        | Killed a golden dragon
  6612 | D        | Received a gift from Okawaru
  6632 | D        | Noticed an electric golem
  6632 | D        | Noticed a curse toe
  6634 | D        | Killed a curse toe
  6634 | D        | Received a gift from Okawaru
  6639 | D        | Killed an electric golem
  6697 | D        | Noticed a quicksilver dragon
  6697 | D        | Noticed a curse toe
  6697 | D        | Noticed an orb of fire
  6712 | D        | Killed an orb of fire
  6712 | D        | Reached XP level 19. HP: 98/135 MP: 26/32
  6717 | D        | Reached skill level 15 in Evocations
  6718 | D        | Killed a curse toe
  6732 | D        | Received a gift from Okawaru
  6732 | D        | Reached skill level 27 in Armour
  6733 | D        | Got a translucent eveningstar {god gift}
  6734 | D        | Identified the +7 eveningstar "Wuink" {venom, +Rage rElec} (Okawaru gifted it to you in the Dungeon)
  6878 | D        | Reached skill level 27 in Fighting
  6878 | D        | Reached skill level 27 in Shields
  6898 | D        | Received a gift from Okawaru
  6916 | D        | Got a twisted mace {god gift}
  6917 | D        | Identified the +7 mace of Eternal Vigilance {drain, *Noise rF+ rC+} (Okawaru gifted it to you in the Dungeon)
  6968 | D        | Noticed a tentacled monstrosity
  6970 | D        | Reached skill level 1 in Spellcasting
  6976 | D        | Killed a tentacled monstrosity
  6993 | D        | Received a gift from Okawaru
  6993 | D        | Reached skill level 5 in Spellcasting
  6994 | D        | Got an encrusted hat {god gift}
  7005 | D        | Identified the +0 hat of Ciclaumo {rC+} (Okawaru gifted it to you in the Dungeon)
  7033 | D        | Noticed an ancient lich
  7040 | D        | Killed an ancient lich
  7042 | D        | Noticed an orb of fire
  7052 | D        | Killed an orb of fire
  7055 | D        | Noticed an electric golem
  7071 | D        | Killed an electric golem
  7110 | D        | Noticed an electric golem
  7110 | D        | Noticed a tentacled monstrosity
  7110 | D        | Noticed a Killer Klown
  7110 | D        | Noticed an orb of fire
  7112 | D        | Killed an electric golem
  7114 | D        | Noticed an orb of fire
  7116 | D        | Killed an orb of fire
  7116 | D        | Reached XP level 20. HP: 141/141 MP: 34/34
  7117 | D        | Noticed an electric golem
  7127 | D        | Killed a Killer Klown
  7133 | D        | Killed an orb of fire
  7133 | D        | Received a gift from Okawaru
  7133 | D        | Received a gift from Okawaru
  7133 | D        | Reached skill level 10 in Spellcasting
  7137 | D        | Killed an electric golem
  7145 | D        | Noticed an ancient lich
  7155 | D        | Received a gift from Okawaru
  7159 | D        | Killed an ancient lich
  7159 | D        | Received a gift from Okawaru
  7162 | D        | Received a gift from Okawaru
  7163 | D        | Got a faintly humming scarf {god gift}
  7174 | D        | Identified the scarf "Weits" {rC+ Dex+2} (Okawaru gifted it to you in the Dungeon)
  8810 | D        | Fell from the grace of Okawaru
  8810 | D        | Became a worshipper of the Shining One
  9104 | D        | Bought a potion of cancellation for 112 gold pieces
  9104 | D        | Bought a potion of might for 56 gold pieces
  9104 | D        | Bought a potion of resistance for 140 gold pieces
  9716 | D        | Gained mutation: You are partially covered in thin metallic scales. (AC +2) [evolution]
 10398 | D        | Noticed an ancient lich
 10398 | D        | Reached * piety under the Shining One
 10398 | D        | Reached ** piety under the Shining One
 10398 | D        | Noticed an ancient lich
 10404 | D        | Reached *** piety under the Shining One
 10410 | D        | Killed an ancient lich
 10411 | D        | Noticed an ancient lich
 10411 | D        | Reached **** piety under the Shining One
 10412 | D        | Reached XP level 21. HP: 146/146 MP: 38/38
 10414 | D        | Killed an ancient lich
 10414 | D        | Reached ***** piety under the Shining One
 10418 | D        | Killed an ancient lich
 10424 | D        | Reached ****** piety under the Shining One
 10479 | D        | Identified a +9 morningstar of holy wrath (a +8 morningstar of protection blessed by the Shining One)
 10479 | D        | Received a gift from the Shining One
 10547 | D        | Reached skill level 15 in Spellcasting
 10575 | D        | Reached skill level 27 in Dodging
 10588 | D        | Got an elven rune of Zot
 10684 | D        | Noticed the Royal Jelly
 10700 | D        | Killed the Royal Jelly
 10773 | D        | Got a slimy rune of Zot
 10887 | D        | Reached XP level 22. HP: 121/152 MP: 40/43
 10892 | D        | Reached skill level 27 in Invocations
 10909 | D        | Paralysed by a sphinx for 3 turns
 11194 | D        | Noticed a greater mummy
 11194 | D        | Noticed a greater mummy
 11194 | D        | Noticed a greater mummy
 11199 | D        | Noticed a greater mummy
 11202 | D        | Killed a greater mummy
 11203 | D        | Killed a greater mummy
 11203 | D        | Reached skill level 27 in Maces & Flails
 11203 | D        | Killed a greater mummy
 11204 | D        | Killed a greater mummy
 11214 | D        | Got a golden rune of Zot
 11267 | D        | Got an abyssal rune of Zot
 11467 | D        | Noticed Geryon
 11477 | D        | Killed Geryon
 11533 | D        | Noticed Mnoleg
 11533 | D        | Noticed Antaeus
 11534 | D        | Noticed Gloorx Vloq
 11548 | D        | Killed Mnoleg
 11548 | D        | Reached skill level 5 in Stealth
 11551 | D        | Noticed Dispater
 11557 | D        | Killed Antaeus
 11562 | D        | Killed Gloorx Vloq
 11562 | D        | Reached skill level 10 in Stealth
 11590 | D        | Killed Dispater
 11590 | D        | Reached skill level 27 in Throwing
 11590 | D        | Reached XP level 23. HP: 105/157 MP: 36/50
 11691 | D        | Noticed Cerebov
 11726 | D        | Killed Cerebov
 11878 | D        | Got an icy rune of Zot
 11883 | D        | Got a glowing rune of Zot
 11889 | D        | Got a dark rune of Zot
 11891 | D        | Noticed Lom Lobon
 11893 | D        | Noticed Ereshkigal
 11987 | D        | Killed Lom Lobon
 12070 | D        | Killed Ereshkigal
 12070 | D        | Reached skill level 15 in Stealth
 12168 | D        | Noticed Asmodeus
 12486 | D        | Killed Asmodeus
 12670 | D        | Got an iron rune of Zot
 12674 | D        | Got a fiery rune of Zot
 12678 | D        | Got a magical rune of Zot
 12682 | D        | Got a bone rune of Zot
 12686 | D        | Got an obsidian rune of Zot
 13505 | D        | Got the +5 triple sword "Vuotitu" {antimagic, rPois rC- Str+6 Int+2}
 13509 | D        | Got the +5 executioner's axe of Dawn {freeze, -Tele rElec rPois rF- Str+6}
 13511 | D        | Got the +5 battleaxe "Yvebiag" {flame, rC+ Int+2 Dex+4}
 13515 | D        | Got the +5 demon trident of Terra Nullius {pain, *Rage +Fly MR+ Dex+4}
 14078 | D        | Gained mutation: You are weak. (Str -2) [evolution]
 14086 | D        | Learned a level 1 spell: Magic Dart
 14089 | D        | Learned a level 2 spell: Throw Frost
 14094 | D        | Learned a level 4 spell: Airstrike
 14344 | D        | Was forgiven by Okawaru
 14524 | D        | Got the +5 executioner's axe of Ointment {drain, Str+3 Int+4}
 14927 | D        | Got the +0 triple crossbow "Dekaon" {freeze, rF+}
 15721 | D        | Got the +2 scimitar of the Past {freeze, rElec rN++}
 16010 | D        | Identified the +5 lajatang "Hycyakk" {vamp, rC+} (Okawaru gifted it to you in the Dungeon)
 17237 | D        | Got the Orb of Zot
 17360 | D        | Reached skill level 27 in Evocations
 17364 | D        | Noticed Liquqaw the pandemonium lord
 17374 | D        | Killed Liquqaw the pandemonium lord
 17374 | D        | Reached skill level 1 in Air Magic
 17706 | D        | Reached skill level 1 in Bows
 17758 | D        | Learned a level 7 spell: Spellforged Servitor
 17877 | D        | Reached skill level 15 in Unarmed Combat
 17882 | D        | Reached skill level 5 in Conjurations
 17894 | D        | Reached skill level 5 in Ice Magic
 17921 | D        | Reached skill level 5 in Staves
 17921 | D        | Reached skill level 5 in Crossbows
 17931 | D        | Reached skill level 5 in Long Blades
 17931 | D        | Reached skill level 5 in Axes
 17931 | D        | Reached skill level 5 in Polearms
 17941 | D        | Noticed Xibod the pandemonium lord
 17949 | D        | Killed Xibod the pandemonium lord
 17949 | D        | Reached skill level 5 in Bows
 17949 | D        | Reached skill level 5 in Air Magic
 18065 | D        | Noticed Qiack the pandemonium lord
 18075 | D        | Killed Qiack the pandemonium lord
 18153 | D        | Reached XP level 24. HP: 141/162 MP: 53/53
 18365 | D        | Reached skill level 27 in Spellcasting
 18580 | D        | Reached skill level 1 in Summonings
 18617 | D        | Noticed Tezxur the pandemonium lord
 18632 | D        | Killed Tezxur the pandemonium lord
 18757 | D        | Reached skill level 10 in Conjurations
 18779 | D        | Gained mutation: Scrolls take you a little longer to read. [a cacodemon]
 18912 | D        | Reached skill level 10 in Ice Magic
 18915 | D        | Paralysed by a great orb of eyes for 5 turns
 18941 | D        | Reached skill level 10 in Staves
 18941 | D        | Reached skill level 10 in Crossbows
 18958 | D        | Reached skill level 5 in Summonings
 19252 | D        | Noticed Pugur the pandemonium lord
 19278 | D        | Killed Pugur the pandemonium lord
 19278 | D        | Reached skill level 10 in Bows
 19281 | D        | Reached skill level 10 in Long Blades
 19281 | D        | Reached skill level 10 in Polearms
 19308 | D        | Reached skill level 10 in Axes
 19364 | D        | Noticed Wehuxzid the pandemonium lord
 19366 | D        | Noticed Pegrots the pandemonium lord
 19380 | D        | Paralysed by a floating eye for 3 turns
 19392 | D        | Paralysed by a floating eye for 4 turns
 19400 | D        | Paralysed by a floating eye for 2 turns
 19404 | D        | Killed Pegrots the pandemonium lord
 19404 | D        | Reached skill level 10 in Air Magic
 19414 | D        | Killed Wehuxzid the pandemonium lord
 19655 | D        | Noticed Haunneiclu the pandemonium lord
 19673 | D        | Killed Haunneiclu the pandemonium lord
 19740 | D        | Noticed Laphio Ulli the pandemonium lord
 19754 | D        | Killed Laphio Ulli the pandemonium lord
 19804 | D        | Reached skill level 10 in Summonings
 19817 | D        | Noticed Yfour the pandemonium lord
 19832 | D        | Killed Yfour the pandemonium lord
 19843 | D        | Gained mutation: Armour fits poorly on your strangely shaped body. [a neqoxec]
 19871 | D        | Reached XP level 25. HP: 168/168 MP: 54/54
 19977 | D        | Reached skill level 15 in Conjurations
 20117 | D        | Noticed Wih Pualom the pandemonium lord
 20143 | D        | Killed Wih Pualom the pandemonium lord
 20458 | D        | Reached skill level 15 in Ice Magic
 20466 | D        | Reached skill level 15 in Staves
 20466 | D        | Reached skill level 15 in Crossbows
 20551 | D        | Reached skill level 15 in Bows
 20735 | D        | Noticed Yptocatu the pandemonium lord
 20744 | D        | Paralysed by Yptocatu for 5 turns
 20753 | D        | Paralysed by a floating eye for 4 turns
 20757 | D        | Killed Yptocatu the pandemonium lord
 20757 | D        | Reached skill level 15 in Long Blades
 20757 | D        | Reached skill level 15 in Axes
 20757 | D        | Reached skill level 15 in Polearms
 21225 | D        | Reached XP level 26. HP: 158/173 MP: 54/54
 21244 | D        | Noticed Moagaor the pandemonium lord
 21263 | D        | Killed Moagaor the pandemonium lord
 21319 | D        | Noticed Jirygy the pandemonium lord
 21326 | D        | Reached skill level 15 in Air Magic
 21332 | D        | Killed Jirygy the pandemonium lord
 21336 | D        | Reached skill level 15 in Summonings
 21626 | D        | Noticed Kewoim the pandemonium lord
 21632 | D        | Killed Kewoim the pandemonium lord
 21639 | D        | Noticed Imporuost the pandemonium lord
 21659 | D        | Killed Imporuost the pandemonium lord
 21953 | D        | Noticed Donneri the pandemonium lord
 21964 | D        | Killed Donneri the pandemonium lord
 21974 | D        | Noticed Akuiber the pandemonium lord
 21992 | D        | Killed Akuiber the pandemonium lord
 22336 | D        | Noticed Joatalil the pandemonium lord
 22343 | D        | Killed Joatalil the pandemonium lord
 22507 | D        | Reached XP level 27. HP: 179/179 MP: 54/54
 22663 | D        | Reached skill level 27 in Stealth
 22743 | D        | Noticed Veakhuy the pandemonium lord
 22759 | D        | Killed Veakhuy the pandemonium lord
 22892 | D        | Noticed a seraph
 22935 | D        | Killed a seraph
 23359 | D        | Noticed Lehyvo the pandemonium lord
 23372 | D        | Killed Lehyvo the pandemonium lord
 23372 | D        | Reached skill level 5 in Short Blades
 23457 | D        | Gained mutation: Your body sometimes deteriorates upon taking damage. [a neqoxec]
 23468 | D        | Noticed Odounip the pandemonium lord
 23485 | D        | Killed Odounip the pandemonium lord
 23627 | D        | Found Niunlehe's Distillery.
 23629 | D        | Found Nausm's Food Boutique.
 23631 | D        | Found Qitauff's Jewellery Shop.
 23722 | D        | Reached skill level 1 in Slings
 23902 | D        | Reached skill level 5 in Slings
 23978 | D        | Reached skill level 10 in Short Blades
 24080 | D        | Noticed Hedah the pandemonium lord
 24093 | D        | Killed Hedah the pandemonium lord
 24116 | D        | Noticed Faenn the pandemonium lord
 24154 | D        | Killed Faenn the pandemonium lord
 24217 | D        | Noticed Gyxyow the pandemonium lord
 24228 | D        | Killed Gyxyow the pandemonium lord
 24228 | D        | Reached skill level 10 in Slings
 24247 | D        | Lost mutation: Scrolls take you a little longer to read. [a neqoxec]
 24298 | D        | Noticed Rupn the pandemonium lord
 24318 | D        | Killed Rupn the pandemonium lord
 24348 | D        | Noticed Xetebu the pandemonium lord
 24369 | D        | Killed Xetebu the pandemonium lord
 24418 | D        | Noticed Ygoigoit the pandemonium lord
 24431 | D        | Killed Ygoigoit the pandemonium lord
 24462 | D        | Found a glowing golden altar of the Shining One.
 24463 | D        | Found a glowing silver altar of Zin.
 24464 | D        | Found a basalt altar of Yredelemnul.
 24465 | D        | Found a shimmering altar of Xom.
 24466 | D        | Found an ornate altar of the Wu Jian Council.
 24467 | D        | Found a radiant altar of Vehumet.
 24468 | D        | Found a hide-covered altar of Uskayaw.
 24469 | D        | Found a bloodstained altar of Trog.
 24474 | D        | Found a deep blue altar of Sif Muna.
 24476 | D        | Found a sacrificial altar of Ru.
 24477 | D        | Found a stormy altar of Qazlal.
 24478 | D        | Found an iron altar of Okawaru.
 24480 | D        | Found a sparkling altar of Nemelex Xobeh.
 24481 | D        | Found a burning altar of Makhleb.
 24482 | D        | Found a corrupted altar of Lugonu.
 24483 | D        | Found an ancient bone altar of Kikubaaqudgha.
 24484 | D        | Noticed Weno the pandemonium lord
 24485 | D        | Found a hazy altar of Hepliaklqana.
 24486 | D        | Found an opulent altar of Gozag.
 24487 | D        | Found a blossoming altar of Fedhas.
 24488 | D        | Found a white marble altar of Elyvilon.
 24495 | D        | Noticed a seraph
 24496 | D        | Killed Weno the pandemonium lord
 24513 | D        | Killed a seraph
 24518 | D        | Reached skill level 15 in Short Blades
 24543 | D        | Found a shadowy altar of Dithmenos.
 24552 | D        | Found a snail-covered altar of Cheibriados.
 24556 | D        | Found a roughly hewn altar of Beogh.
 24578 | D        | Noticed Radoniqe the pandemonium lord
 24591 | D        | Gained mutation: You are very weak. (Str -4) [evolution]
 24596 | D        | Killed Radoniqe the pandemonium lord
 24669 | D        | Escaped with the Orb!

Vault maps used:
D:        linesprint

Skill      XL: |  1  2  3  4  5  6  7  8  9 10 11 12 13 14 15 16 17 18 19 20 21 22 23 24 25 26 27 |
---------------+----------------------------------------------------------------------------------+-----
Dodging        | 1 2 3 4 6 7 8 9 11 13 14 16 18 20 23 25 27 | 27.0
Armour         | 5 6 7 9 10 11 12 13 15 16 18 19 21 23 24 26 27 | 27.0
Shields        | 5 6 7 9 10 11 12 13 15 16 18 19 21 23 24 26 27 | 27.0
Fighting       | 5 6 7 9 10 11 12 14 15 16 18 19 21 23 24 26 27 | 27.0
Maces & Flails | 3 4 6 7 8 9 10 11 12 13 14 16 17 18 21 23 25 27 | 27.0
Invocations    | 4 6 8 10 12 13 15 17 18 21 24 26 27 | 27.0
Throwing       | 3 5 7 8 10 11 13 14 16 19 21 23 27 | 27.0
Evocations     | 4 7 9 11 13 14 17 20 22 25 27 | 27.0
Spellcasting   | 8 13 17 23 26 27 | 27.0
Stealth        | 11 18 21 24 26 27 | 27.0
Unarmed Combat | 9 15 18 21 23 25 | 25.8
Long Blades    | 7 12 15 18 21 | 21.5
Axes           | 6 12 15 18 21 | 21.5
Polearms       | 7 12 15 18 21 | 21.6
Staves         | 7 13 17 19 23 | 23.1
Crossbows      | 7 13 17 19 23 | 23.2
Conjurations   | 8 14 18 21 24 | 24.8
Ice Magic      | 7 13 17 20 23 | 23.2
Air Magic      | 6 11 14 17 20 | 20.1
Bows           | 7 13 16 19 23 | 23.0
Summonings     | 10 14 17 20 | 20.7
Short Blades   | 15 | 15.5
Slings         | 14 | 14.0

Action                   |  1- 3 |  4- 6 |  7- 9 | 10-12 | 13-15 | 16-18 | 19-21 | 22-24 | 25-27 || total
-------------------------+-------+-------+-------+-------+-------+-------+-------+-------+-------++-------
Melee: Flail             |    22 |    19 |       |       |       |       |       |       |       ||    41
       Morningstar       |       |    46 |   100 |   371 |   710 |   390 |    83 |   837 |  1512 ||  4049
       Eveningstar       |       |       |       |       |       |       |   164 |       |       ||   164
       Punch             |       |       |       |       |       |       |       |       |    55 ||    55
Throw: Javelin           |       |       |       |     4 |    10 |    82 |    89 |   120 |       ||   305
       Tomahawk          |       |       |       |     1 |       |       |       |     4 |       ||     5
 Cast: Magic Dart        |       |       |       |       |       |       |       |     5 |     1 ||     6
       Airstrike         |       |       |       |       |       |       |       |       |     1 ||     1
       Spellforged Servi |       |       |       |       |       |       |       |       |     1 ||     1
Invok: Heroism           |       |     1 |     4 |    18 |    16 |    14 |     4 |       |       ||    57
       Finesse           |       |       |     1 |    15 |    15 |    14 |     4 |       |       ||    49
       Divine Shield     |       |       |       |       |       |       |     4 |    10 |     3 ||    17
       Cleansing Flame   |       |       |       |       |       |       |     1 |     9 |       ||    10
       Brand Weapon With |       |       |       |       |       |       |     1 |       |       ||     1
       Summon Divine War |       |       |       |       |       |       |       |     2 |       ||     2
  Use: Scroll            |       |       |     2 |     3 |     4 |     4 |       |     1 |       ||    14
       Potion            |       |       |     2 |     6 |     3 |     1 |     2 |     2 |     9 ||    25
 Stab: Confused          |       |       |       |       |     1 |       |       |       |       ||     1
  Eat: Chunk             |       |       |       |    29 |    14 |    12 |       |       |     1 ||    56
       Fruit             |       |       |       |       |       |       |     8 |    32 |       ||    40
       Royal jelly       |       |       |       |       |       |       |     1 |       |       ||     1
       Meat ration       |       |       |       |       |       |       |       |     3 |     2 ||     5
Armor: Scale mail        |    11 |     3 |       |       |       |       |       |       |       ||    14
       Chain mail        |       |    25 |    57 |    74 |       |       |       |       |       ||   156
       Plate armour      |       |       |       |    24 |   177 |    58 |       |       |       ||   259
       Gold dragon scale |       |       |       |       |       |     9 |    53 |   161 |   325 ||   548
Dodge: Dodged            |     2 |    11 |    34 |    56 |   141 |    78 |    46 |   168 |   533 ||  1069
Block: Shield            |    11 |    29 |    80 |   134 |   396 |   171 |       |       |       ||   821
       Reflection        |       |       |       |       |     9 |    10 |    14 |    36 |    13 ||    82
       Large shield      |       |       |       |       |       |    47 |   243 |   675 |   907 ||  1872
       Other             |       |       |       |       |       |       |       |       |    32 ||    32
